[ AOE2 MATCH · #506323019 ]
UnrankedHindustanis vs Romans
Rival team · WIN
[ REPLAY ANALYSIS · EXTRACTED FROM THE RECORDED GAME ]
Feudal
8:50
Castle
—
Imperial
—
| APM avg | 69.3 |
| APM peak | 125 |
| eAPM avg | 33.9 |
| Villagers / military | 62 / 19 |
Focus
⚔️ 39.7% · 🌾 60.3%
Skirmisher ×8 · Archer ×6 · Scout Cavalry ×5
Feudal
8:33
Castle
—
Imperial
—
| APM avg | 69.5 |
| APM peak | 114 |
| eAPM avg | 42.3 |
| Villagers / military | 42 / 20 |
Focus
⚔️ 62.7% · 🌾 37.3%
Militia ×16 · Spearman ×4
Match map
Initial resources + every placement click. Lines = walls · curves = elevation contours. ◆ gold · ⬟ stone · ● berries · ✦ relic · ◌ wall gap
Your base· Open — unwalled flank
TheAlex's base· Open — unwalled flank
Smoothed initial terrain · ◌ = detected wall gap · hover for details
Inputs per minute
— RaZeeeeK - - TheAlex
Build order — RaZeeeeK
First 150 of 155 actions detected
| 0:00 | Queue | Villager (Male) |
| 0:02 | Build | House |
| 0:02 | Build | House |
| 0:09 | Queue | Villager (Male) |
| 0:09 | Queue | Villager (Male) |
| 0:17 | Queue | Villager (Male) |
| 1:03 | Queue | Villager (Male) |
| 1:31 | Queue | Villager (Male) |
| 1:43 | Build | Lumber Camp |
| 2:03 | Queue | Villager (Male) |
| 2:16 | Queue | Villager (Male) |
| 2:16 | Queue | Villager (Male) |
| 2:47 | Queue | Villager (Male) |
| 2:47 | Queue | Villager (Male) |
| 2:58 | Queue | Villager (Male) |
| 3:31 | Queue | Villager (Male) |
| 3:48 | Build | House |
| 3:59 | Queue | Villager (Male) |
| 4:29 | Build | Mill |
| 4:56 | Queue | Villager (Male) |
| 4:57 | Queue | Villager (Male) |
| 5:07 | Queue | Villager (Male) |
| 5:07 | Queue | Villager (Male) |
| 5:17 | Queue | Villager (Male) |
| 5:17 | Queue | Villager (Male) |
| 5:29 | Queue | Villager (Male) |
| 5:32 | Queue | Villager (Male) |
| 5:33 | Queue | Villager (Male) |
| 5:39 | Research | Loom |
| 6:39 | Research | Feudal Age |
| 6:55 | Queue | Villager (Male) |
| 7:13 | Build | House |
| 7:42 | Build | Barracks |
| 8:14 | Build | Palisade Wall |
| 8:17 | Build | Palisade Wall |
| 8:21 | Build | Palisade Wall |
| 8:25 | Build | Palisade Gate |
| 8:29 | Build | Palisade Wall |
| 8:32 | Build | House |
| 8:40 | Build | Palisade Gate |
| 8:49 | Queue | Villager (Male) |
| 8:50 | Age | Feudal Age |
| 8:57 | Research | Town Watch |
| 8:58 | Queue | Villager (Male) |
| 9:11 | Build | Stable |
| 9:16 | Queue | Villager (Male) |
| 9:32 | Queue | Villager (Male) |
| 9:48 | Queue | Villager (Male) |
| 9:56 | Queue | Scout Cavalry |
| 10:01 | Queue | Villager (Male) |
| 10:10 | Queue | Scout Cavalry |
| 10:17 | Build | Archery Range |
| 10:22 | Queue | Scout Cavalry |
| 10:31 | Queue | Villager (Male) |
| 10:40 | Research | Double-Bit Axe |
| 10:40 | Research | Double-Bit Axe |
| 10:46 | Build | House |
| 10:48 | Build | Palisade Wall |
| 10:50 | Queue | Villager (Male) |
| 11:02 | Build | House |
| 11:03 | Queue | Skirmisher |
| 11:08 | Queue | Skirmisher |
| 11:14 | Build | House |
| 11:31 | Queue | Villager (Male) |
| 11:37 | Queue | Villager (Male) |
| 11:38 | Queue | Skirmisher |
| 11:44 | Queue | Villager (Male) |
| 11:52 | Research | Horse Collar |
| 11:53 | Research | Horse Collar |
| 11:57 | Queue | Skirmisher |
| 12:00 | Queue | Villager (Male) |
| 12:12 | Queue | Skirmisher |
| 12:23 | Build | Farm |
| 12:23 | Build | Farm |
| 12:23 | Build | Farm |
| 12:24 | Build | Farm |
| 12:24 | Build | Farm |
| 12:24 | Build | Farm |
| 12:30 | Queue | Villager (Male) |
| 12:41 | Build | Palisade Wall |
| 12:45 | Build | Farm |
| 12:54 | Queue | Scout Cavalry |
| 13:05 | Build | Farm |
| 13:18 | Queue | Skirmisher |
| 13:23 | Queue | Villager (Male) |
| 13:31 | Build | Palisade Wall |
| 13:48 | Queue | Villager (Male) |
| 13:51 | Build | Farm |
| 13:53 | Build | Farm |
| 13:56 | Queue | Archer |
| 14:12 | Build | Farm |
| 14:13 | Build | Farm |
| 14:20 | Queue | Villager (Male) |
| 14:27 | Build | Farm |
| 14:33 | Build | Farm |
| 14:33 | Queue | Villager (Male) |
| 14:50 | Queue | Villager (Male) |
| 15:04 | Queue | Villager (Male) |
| 15:25 | Queue | Villager (Male) |
| 15:29 | Queue | Skirmisher |
| 15:29 | Queue | Skirmisher |
| 15:32 | Build | Farm |
| 15:32 | Build | Farm |
| 15:33 | Build | Farm |
| 15:33 | Build | Farm |
| 15:33 | Build | Farm |
| 15:33 | Build | Farm |
| 15:33 | Build | Farm |
| 15:53 | Queue | Villager (Male) |
| 16:10 | Queue | Villager (Male) |
| 16:26 | Build | Palisade Wall |
| 16:27 | Queue | Scout Cavalry |
| 16:41 | Build | Farm |
| 16:44 | Build | Mining Camp |
| 16:44 | Queue | Villager (Male) |
| 16:46 | Build | Blacksmith |
| 16:52 | Queue | Villager (Male) |
| 16:58 | Build | House |
| 17:30 | Build | Palisade Wall |
| 17:35 | Build | Palisade Wall |
| 17:36 | Build | Palisade Wall |
| 17:37 | Build | Palisade Wall |
| 17:38 | Build | Palisade Wall |
| 17:43 | Queue | Villager (Male) |
| 17:51 | Build | Lumber Camp |
| 17:54 | Queue | Villager (Male) |
| 18:05 | Queue | Villager (Male) |
| 18:27 | Queue | Villager (Male) |
| 18:36 | Queue | Villager (Male) |
| 18:43 | Queue | Villager (Male) |
| 19:06 | Queue | Villager (Male) |
| 19:44 | Queue | Archer |
| 19:44 | Queue | Archer |
| 20:00 | Build | Mining Camp |
| 20:02 | Queue | Archer |
| 20:23 | Build | Mining Camp |
| 20:36 | Queue | Villager (Male) |
| 20:39 | Queue | Villager (Male) |
| 20:48 | Queue | Villager (Male) |
| 20:53 | Queue | Villager (Male) |
| 20:56 | Build | Market |
| 20:57 | Queue | Villager (Male) |
| 21:02 | Build | House |
| 21:03 | Build | House |
| 21:11 | Build | House |
| 21:15 | Build | Stone Wall |
| 21:18 | Build | House |
| 21:20 | Build | House |
| 21:22 | Build | Stone Wall |
| 21:23 | Queue | Villager (Male) |
Build order — TheAlex
124 actions detected in the replay
| 0:01 | Queue | Villager (Male) |
| 0:01 | Queue | Villager (Male) |
| 0:01 | Queue | Villager (Male) |
| 0:02 | Queue | Villager (Male) |
| 0:02 | Build | House |
| 0:04 | Build | House |
| 1:23 | Queue | Villager (Male) |
| 1:45 | Build | Lumber Camp |
| 2:05 | Queue | Villager (Male) |
| 2:14 | Queue | Villager (Male) |
| 2:54 | Queue | Villager (Male) |
| 3:02 | Build | House |
| 3:20 | Queue | Villager (Male) |
| 3:39 | Queue | Villager (Male) |
| 4:08 | Queue | Villager (Male) |
| 4:28 | Queue | Villager (Male) |
| 4:33 | Build | Mill |
| 4:58 | Queue | Villager (Male) |
| 5:25 | Queue | Villager (Male) |
| 5:25 | Queue | Villager (Male) |
| 5:49 | Research | Loom |
| 6:23 | Research | Feudal Age |
| 6:57 | Queue | Villager (Male) |
| 7:17 | Build | Barracks |
| 7:32 | Build | House |
| 7:51 | Build | Palisade Wall |
| 8:04 | Build | Mining Camp |
| 8:07 | Build | Palisade Wall |
| 8:14 | Queue | Militia |
| 8:15 | Queue | Militia |
| 8:15 | Queue | Militia |
| 8:15 | Queue | Militia |
| 8:33 | Age | Feudal Age |
| 8:41 | Build | Farm |
| 8:43 | Build | Farm |
| 9:03 | Queue | Villager (Male) |
| 9:05 | Build | Farm |
| 9:33 | Build | Farm |
| 9:33 | Queue | Villager (Male) |
| 9:56 | Research | Man-at-Arms (upgrade) |
| 9:56 | Research | Man-at-Arms (upgrade) |
| 10:03 | Queue | Villager (Male) |
| 10:12 | Build | Farm |
| 10:16 | Queue | Spearman |
| 10:19 | Build | Palisade Wall |
| 10:32 | Queue | Villager (Male) |
| 10:36 | Build | House |
| 10:38 | Build | House |
| 11:05 | Build | Palisade Gate |
| 11:06 | Build | Palisade Wall |
| 11:14 | Build | Palisade Wall |
| 11:21 | Queue | Villager (Male) |
| 11:25 | Build | Farm |
| 11:26 | Queue | Villager (Male) |
| 11:38 | Build | Palisade Gate |
| 11:43 | Queue | Spearman |
| 11:52 | Build | Palisade Wall |
| 11:55 | Build | Palisade Wall |
| 11:57 | Build | House |
| 11:59 | Build | Palisade Wall |
| 12:21 | Queue | Villager (Male) |
| 12:41 | Queue | Villager (Male) |
| 12:46 | Queue | Villager (Male) |
| 13:01 | Queue | Militia |
| 13:06 | Queue | Villager (Male) |
| 13:12 | Queue | Villager (Male) |
| 13:19 | Build | Blacksmith |
| 13:24 | Queue | Militia |
| 13:25 | Queue | Villager (Male) |
| 13:46 | Queue | Spearman |
| 13:54 | Research | Scale Mail Armor |
| 14:09 | Queue | Villager (Male) |
| 14:13 | Build | Farm |
| 14:15 | Build | Farm |
| 14:16 | Build | Farm |
| 14:16 | Build | Farm |
| 14:21 | Queue | Spearman |
| 15:15 | Queue | Militia |
| 15:16 | Queue | Villager (Male) |
| 15:17 | Build | Farm |
| 15:19 | Research | Double-Bit Axe |
| 15:20 | Research | Horse Collar |
| 15:36 | Queue | Militia |
| 15:38 | Queue | Villager (Male) |
| 15:44 | Queue | Villager (Male) |
| 16:02 | Queue | Militia |
| 16:23 | Queue | Militia |
| 16:25 | Queue | Villager (Male) |
| 16:34 | Build | Farm |
| 16:35 | Build | Farm |
| 16:35 | Build | Farm |
| 16:37 | Queue | Villager (Male) |
| 16:50 | Build | Watch Tower |
| 17:05 | Queue | Villager (Male) |
| 17:14 | Build | Mining Camp |
| 17:58 | Queue | Villager (Male) |
| 18:01 | Build | Farm |
| 18:02 | Build | Farm |
| 18:03 | Build | Farm |
| 18:04 | Queue | Villager (Male) |
| 18:21 | Build | House |
| 18:24 | Build | House |
| 18:34 | Queue | Villager (Male) |
| 18:37 | Build | House |
| 19:00 | Queue | Militia |
| 19:04 | Queue | Villager (Male) |
| 19:11 | Build | Watch Tower |
| 19:19 | Queue | Militia |
| 19:42 | Queue | Militia |
| 19:43 | Queue | Villager (Male) |
| 19:45 | Build | Farm |
| 19:52 | Research | Fletching |
| 19:56 | Queue | Villager (Male) |
| 20:13 | Build | House |
| 20:15 | Build | House |
| 20:33 | Build | Watch Tower |
| 20:41 | Queue | Militia |
| 21:16 | Queue | Militia |
| 21:17 | Queue | Militia |
| 21:32 | Build | House |
| 21:33 | Build | House |
| 21:36 | Build | House |
| 21:38 | Build | House |
| 21:40 | Queue | Villager (Male) |
Match timeline
| 7:17 | TheAlex · first_building Barracks |
| 7:42 | RaZeeeeK · first_building Barracks |
| 7:51 | TheAlex · wall_segment Palisade Wall x1 |
| 8:07 | TheAlex · wall_segment Palisade Wall x1 |
| 8:14 | RaZeeeeK · wall_segment Palisade Wall x1 |
| 8:17 | RaZeeeeK · wall_segment Palisade Wall x1 |
| 8:21 | RaZeeeeK · wall_segment Palisade Wall x1 |
| 8:29 | RaZeeeeK · wall_segment Palisade Wall x1 |
| 8:33 | TheAlex · age_up feudal |
| 8:50 | RaZeeeeK · age_up feudal |
| 9:11 | RaZeeeeK · first_building Stable |
| 10:17 | RaZeeeeK · first_building Archery Range |
| 10:19 | TheAlex · wall_segment Palisade Wall x1 |
| 10:48 | RaZeeeeK · wall_segment Palisade Wall x3 |
| 11:06 | TheAlex · wall_segment Palisade Wall x1 |
| 11:14 | TheAlex · wall_segment Palisade Wall x4 |
| 11:52 | TheAlex · wall_segment Palisade Wall x1 |
| 11:55 | TheAlex · wall_segment Palisade Wall x1 |
| 11:59 | TheAlex · wall_segment Palisade Wall x1 |
| 12:41 | RaZeeeeK · wall_segment Palisade Wall x9 |
| 13:31 | RaZeeeeK · wall_segment Palisade Wall x1 |
| 16:26 | RaZeeeeK · wall_segment Palisade Wall x15 |
| 17:30 | RaZeeeeK · wall_segment Palisade Wall x1 |
| 17:35 | RaZeeeeK · wall_segment Palisade Wall x1 |
| 17:36 | RaZeeeeK · wall_segment Palisade Wall x1 |
| 17:37 | RaZeeeeK · wall_segment Palisade Wall x1 |
| 17:38 | RaZeeeeK · wall_segment Palisade Wall x1 |
| 21:15 | RaZeeeeK · wall_segment Stone Wall x1 |
| 21:22 | RaZeeeeK · wall_segment Stone Wall x1 |
| 21:27 | RaZeeeeK · wall_segment Stone Wall x1 |
| 21:29 | RaZeeeeK · wall_segment Stone Wall x10 |
| 21:40 | RaZeeeeK · first_market_sell 100 food |
| 21:47 | RaZeeeeK · resign |
[ AI ANALYSIS · 1 CREDIT ]
What really happened in this match?
Wolo.gg analyzes every decision: build order, eco, micro, common mistakes by bracket. Personalized analysis on WhatsApp or Discord in 30 seconds.
Civ guide
Hindustanis
Perfil
Jugador #722673